 Dungeon Crawl Stone Soup version 0.24-a0-520-g8fd06ad0bc (console) character file.

Game seed: 14440519324896255274

455 nht the Slicer (level 6, -5/44 HPs)
             Began as a Vampire Assassin on July 24, 2019.
             Killed from afar by Dowan (19 damage)
             ... with a stone arrow
             ... on level 4 of the Dungeon.
             The game lasted 00:07:12 (2362 turns).

nht the Slicer (Vampire Assassin)                   Turns: 2362, Time: 00:07:12

Health: -5/44      AC:  6    Str: 10    XL:     6   Next: 76%
Magic:  6/6        EV: 12    Int: 13    God:
Gold:   151        SH:  0    Dex: 18    Spells: 5/5 levels left

rFire    . . .     SeeInvis +   a - +3 dagger
rCold    . . .     Gourm    .   (no shield)
rNeg     . . .     Faith    .   p - +2 robe {MR+}
rPois    .         Spirit   .   (no helmet)
rElec    .         Reflect  .   k - +1 cloak (curse)
rCorr    .         Harm     .   (no gloves)
MR       +....                  (no boots)
Stlth    +++.......             (no amulet)
HPRegen  0.34/turn              (no ring)
MPRegen  0.10/turn              (no ring)

@: regenerating quickly
A: no food, fangs 3, see invisible, unbreathing
a: Exsanguinate


You were on level 4 of the Dungeon.
You were alive.

You visited 1 branch of the dungeon, and saw 4 of its levels.

You collected 151 gold pieces.

Inventory:

Hand Weapons
 a - a +3 dagger (weapon)
Missiles
 d - 15 poisoned darts (quivered)
 f - 4 silver javelins
 j - 16 boomerangs
Armour
 k - a cursed +1 cloak (worn)
 o - a +1 leather armour of poison resistance
 p - a +2 robe of magic resistance (worn)
Scrolls
 c - 2 scrolls of enchant armour
 i - a scroll of identify
 l - a scroll of enchant weapon
 m - a scroll of teleportation
Potions
 b - 2 potions of magic
 g - a potion of brilliance
 h - a potion of mutation
 n - a potion of agility
 q - a potion of ambrosia


   Skills:
 - Level 1.7 Fighting
 + Level 8.1 Short Blades
 - Level 1.5 Throwing
 - Level 1.1 Dodging
 - Level 5.8 Stealth


You had 5 spell levels left.
You didn't know any spells.
Your spell library was empty.

Dungeon Overview and Level Annotations

Branches:
Dungeon (4/15)
 Temple: D:4-7

Altars:
The Shining One

Annotations:
D:3 1 runed translucent door, Avack's ghost, amateur DECj
D:4 Dowan


Innate Abilities, Weirdness & Mutations

You do not eat.
Your natural rate of healing is unusually fast.
You have razor-sharp teeth.
You have supernaturally acute eyesight. (SInv)
You can survive without breathing.


Message History

You miss Dowan.
Dowan is moderately wounded.
Dowan barely misses you.
You completely miss Dowan. You bite Dowan, but do no damage.
Dowan is moderately wounded.
Dowan hits you but does no damage.
You hit Dowan. You bite Dowan.
Dowan is severely wounded.
Dowan barely misses you.
You hit Dowan.
Dowan is severely wounded.
Dowan casts a spell at you. The shard of ice hits you!!
You barely miss Dowan.
Dowan is severely wounded.
You hit Dowan.
Dowan is severely wounded.
Dowan points at you and mumbles some strange words.
The stone arrow hits you!!
You die... ██████████

█e@.(....█
█........█
█........█
█........█
██.......█
█.......█


████+████ You could see Dowan.

Vanquished Creatures
  Duvessa (D:4)
  2 orc priests (D:3)
  Natasha (twice) (D:2)
  An orc wizard (D:2)
  7 adders
  2 oozes
  2 worms
  4 dart slugs
  4 leopard geckos
  19 orcs (D:3)
  7 giant cockroaches
  6 goblins
  12 hobgoblins
  13 jackals
  A quokka (D:2)
  2 ball pythons
  6 bats
  5 frilled lizards (D:2)
  8 kobolds
  3 rats
107 creatures vanquished.

Notes
Turn   | Place    | Note
-------+----------+-------------------------------------------
     0 | D:1      | nht the Vampire Assassin began the quest for the Orb.
     0 | D:1      | Reached XP level 1. HP: 16/16 MP: 1/1
   121 | D:1      | Reached skill level 3 in Short Blades
   121 | D:1      | Reached XP level 2. HP: 14/22 MP: 2/2
   544 | D:2      | Reached skill level 4 in Short Blades
   544 | D:2      | Reached XP level 3. HP: 27/27 MP: 3/3
   766 | D:2      | Reached XP level 4. HP: 19/33 MP: 4/4
   934 | D:1      | Reached skill level 5 in Short Blades
  1187 | D:2      | Noticed Natasha
  1191 | D:2      | Killed Natasha
  1346 | D:2      | Reached XP level 5. HP: 33/38 MP: 5/5
  1463 | D:2      | Noticed Natasha
  1469 | D:2      | Killed Natasha
  1469 | D:2      | Reached skill level 6 in Short Blades
  1496 | D:3      | Found a runed translucent door.
  1761 | D:3      | Reached skill level 7 in Short Blades
  1761 | D:3      | Reached XP level 6. HP: 10/44 MP: 6/6
  1965 | D:3      | Noticed Avack's ghost (amateur DECj)
  2244 | D:3      | Found a glowing golden altar of the Shining One.
  2342 | D:4      | Noticed Duvessa
  2342 | D:4      | Noticed Dowan
  2343 | D:4      | Killed Duvessa
  2343 | D:4      | Reached skill level 8 in Short Blades
  2362 | D:4      | Killed from afar by Dowan

Levels and vault maps discovered:
D:1:      dpeg_arrival_morbid_curiosity, layout_basic
D:2:      layout_basic, first_ration, uniq_natasha
D:3:      layout_rooms, lemuel_coloured_pillars_altar, ebering_ghost_sewer_d
D:4:      layout_gridville, chequers_temple_overflow_statue_of_worship,
          hangedman_decor_slide_cut, guppyfry_shop_venom, uniq_duvessa

Skill      XL: |  1  2  3  4  5  6 |
---------------+-------------------+-----
Short Blades   | 3 4 5 7 8 |  8.1
Fighting       | |  1.7
Throwing       | |  1.5
Dodging        | |  1.1
Stealth        | |  5.8

Action                   |  1- 3 |  4- 6 || total
-------------------------+-------+-------++-------
Melee: Dagger            |    90 |   281 ||   371
       Bite              |    10 |    28 ||    38
Throw: Dart              |       |     8 ||     8
  Use: Scroll            |     6 |     8 ||    14
       Potion            |       |     2 ||     2
 Stab: Sleeping          |    15 |     9 ||    24
Armor: Robe              |    18 |    31 ||    49
       Leather armour    |       |    15 ||    15
Dodge: Dodged            |    54 |   135 ||   189

Table legend:
 A = Non-vault XP
 B = Vault XP
 C = Vault XP percentage of total XP
 D = Non-vault monster count
 E = Vault monster count
 F = Vault count percentage of total count
                 A         B        C        D         E       F
            +---------+---------+-------+---------+---------+-------
      Total |     458 |     192 |  29.5 |     100 |       7 |   6.5
            +---------+---------+-------+---------+---------+-------
        D:1 |      55 |       9 |  14.1 |      27 |       5 |  15.6
        D:2 |     182 |      36 |  16.5 |      31 |       1 |   3.1
        D:3 |     221 |       0 |   0.0 |      42 |       0 |   0.0
        D:4 |       0 |     147 | 100.0 |       0 |       1 | 100.0
            +---------+---------+-------+---------+---------+-------
